 Dungeon Crawl Stone Soup version 0.18.1-50-g88ac8fd (webtiles) character file.

52 go0n the Skirmisher (level 3, 0/33 HPs)
             Began as a Draconian Berserker on Sept 22, 2016.
             Was a Believer of Trog.
             Slain by a gnoll
             ... wielding a +0 halberd
              (15 damage)
             ... on level 2 of the Dungeon.
             The game lasted 00:04:35 (1849 turns).

go0n the Skirmisher (Draconian Berserker)           Turns: 1849, Time: 00:04:36

Health: 0/33       AC:  5    Str: 20    XL:     3   Next: 60%
Magic:  3/3        EV: 13    Int:  7    God:    Trog [**....]
Gold:   73         SH:  0    Dex: 10    Spells: 0 memorised, 2 levels left

rFire  . . .     SeeInvis .     a - +0 falchion
rCold  . . .     Gourm    .     (armour unavailable)
rNeg   . . .     Faith    .     (no shield)
rPois  .         Spirit   .     (helmet restricted)
rElec  .         Dismiss  .     (no cloak)
rCorr  .         Reflect  .     (no gloves)
SustAt .         Harm     .     (no boots)
MR     .....                    (no amulet)
Stlth  +.........               (no ring)
                                (no ring)

@: not resistant to hostile enchantments, very unstealthy
A: unfitting armour, cold-blooded, AC +5
a: Berserk, Trog's Hand, Burn Spellbooks, Renounce Religion


You were on level 2 of the Dungeon.
You worshipped Trog.
Trog was pleased with you.
You were not hungry.

You visited 1 branch of the dungeon, and saw 2 of its levels.

You collected 73 gold pieces.

Inventory:

Hand Weapons
 a - a +0 falchion (weapon)
 h - a +0 dagger of venom
Missiles
 d - 16 javelins (quivered)
Armour
 j - a +0 leather armour
Scrolls
 c - a scroll of identify {unknown}
 e - a scroll of remove curse {unknown}
 g - a scroll of blinking {unknown}
 i - 2 scrolls of amnesia {unknown}
 l - a scroll of teleportation {unknown}
Potions
 b - a potion of heal wounds {unknown}
 f - a potion of degeneration {unknown}
Comestibles
 k - a chunk of flesh


   Skills:
 + Level 3.7 Fighting
 + Level 3.6 Long Blades
 * Level 3.4 Dodging


You had 2 spell levels left.
You didn't know any spells.

Dungeon Overview and Level Annotations

Branches:
Dungeon (2/15)

Altars:


Innate Abilities, Weirdness & Mutations

Your plain brown scales are hard (AC +5).
Your body does not fit into most forms of armour.
You are cold-blooded and may be slowed by cold attacks.


Message History

The worm is severely wounded.
The bat hits the plant but does no damage.
The gnoll hits you from afar with a halberd.
The worm misses you.
You closely miss the goblin.
Your tail-slap misses the goblin.
The goblin misses you.
You barely miss the goblin.
The gnoll hits you from afar with a halberd!
The goblin hits you but does no damage.
The worm bites something.
You barely miss the goblin.
Your tail-slap misses the goblin.
The gnoll closely misses you. The goblin hits you but does no damage.
You hit the goblin.
You kill the goblin!
Trog accepts your kill. The bat completely misses you.
The worm bites something!
The gnoll hits you from afar with a halberd.
You closely miss the bat.
Your tail-slap misses the bat.
The bat hits you but does no damage.
The gnoll hits you from afar with a halberd!
You die...

#.. ♣. ... . ♣ . . .♣.# ..
♣.. #. ..Pb§.. .♣P ..#
♣P§§#. .. .### ♣ ♣§§.g .♣♣
.(.# P.♣♣P...♣..♣♣♣♣ .#.##
.PP..♣P..g.P..♣ .#..#
##♣♣.PP.♣♣rw..P♣ ..#.##
#..♣♣....@♣♣P.....
#.#..###..♣♣♣.♣P..♣♣♣♣PP.
#...........P♣♣.P..P.♣ ..#
..#.####...P.♣♣♣.♣.PP♣♣.?.#
#......#...P.P♣♣..P†.P.#
..........(†.....♣♣.♣♣.#
########.......♣##P♣♣ # #
#........##P # #........##.


You could see a worm, a gnoll and a quokka.

Vanquished Creatures
  A worm (D:1)
  A dart slug (D:1)
  A giant gecko (D:1)
  A giant cockroach (D:1)
  5 goblins
  7 hobgoblins
  5 jackals (D:1)
  6 kobolds
  A quokka (D:2)
  A ball python (D:1)
  6 bats
  A giant newt (D:1)
  5 rats
  A bush (D:1)
42 creatures vanquished.

Notes
Turn   | Place    | Note
--------------------------------------------------------------
     0 | D:1      | go0n the Draconian Berserker began the quest for the Orb.
     0 | D:1      | Reached XP level 1. HP: 19/19 MP: 1/1
   185 | D:1      | Reached XP level 2. HP: 26/26 MP: 2/2
  1432 | D:1      | Reached XP level 3. HP: 31/31 MP: 3/3
  1469 | D:1      | Reached ** piety under Trog
  1849 | D:2      | Slain by a gnoll

Skill      XL: |  1  2 |
---------------+-------+-----
Dodging        | 3 |  3.4
Fighting       | |  3.7
Long Blades    | |  3.6

Action                   || total
-------------------------++-------
Melee: Falchion          ||   227
       Tailslap          ||    39
 Stab: Sleeping          ||     1
  Eat: Bread ration      ||     1
Armor: Skin              ||    64
Dodge: Dodged            ||   127
